 Dungeon Crawl Stone Soup version 0.21.1-1-g345015f (webtiles) character file.

118 OldarM the Chopper (level 4, 0/41 HPs)
             Began as a Minotaur Berserker on June 22, 2018.
             Was a Believer of Trog.
             Killed from afar by an orc wizard (4 damage)
             ... with a magic dart
             ... on level 3 of the Dungeon.
             The game lasted 00:07:19 (1670 turns).

OldarM the Chopper (Minotaur Berserker)             Turns: 1670, Time: 00:07:20

Health: 0/41       AC: 10    Str: 22    XL:     4   Next: 72%
Magic:  3/3        EV:  9    Int:  4    God:    Trog [**....]
Gold:   120        SH:  0    Dex: 10    Spells: 3/3 levels left

rFire    . . .     SeeInvis .   a - +0 hand axe
rCold    . . .     Gourm    .   (no shield)
rNeg     . . .     Faith    .   o - +0 chain mail
rPois    .         Spirit   .   (helmet restricted)
rElec    .         Reflect  .   (no cloak)
rCorr    .         Harm     .   j - +0 pair of gloves
MR       .....                  (no boots)
Stlth    ..........             (no amulet)
HPRegen  0.13/turn              (no ring)
MPRegen  0.08/turn              (no ring)

@: no status effects
A: retaliatory headbutt, horns 2
a: Berserk, Trog's Hand, Burn Spellbooks, Renounce Religion


You were on level 3 of the Dungeon.
You worshipped Trog.
Trog was pleased with you.
You were not hungry.

You visited 1 branch of the dungeon, and saw 3 of its levels.

You collected 120 gold pieces.

Inventory:

Hand Weapons
 a - a +0 hand axe (weapon)
Armour
 b - a +0 animal skin
 j - a +0 pair of gloves (worn)
   (You found it on level 1 of the Dungeon)
 k - a +0 ring mail
   (You found it on level 1 of the Dungeon)
 o - a +0 chain mail (worn)
   (You found it on level 1 of the Dungeon)
 q - a +0 helmet
   (You found it on level 2 of the Dungeon)
Scrolls
 c - a scroll of fog {unknown}
 d - a scroll of magic mapping {unknown}
 f - 4 scrolls of identify {unknown}
 m - a scroll of enchant weapon {unknown}
 p - a scroll of amnesia {unknown}
 s - 2 scrolls of teleportation {unknown}
Potions
 g - a potion of curing {unknown}
 h - a potion of lignification {unknown}
 l - a potion of brilliance {unknown}
 n - a potion of berserk rage {unknown}
 r - a potion of might {unknown}
 t - a potion of ambrosia {unknown}
Comestibles
 e - 5 rations {!d}
 i - a chunk of flesh


   Skills:
 + Level 4.3 Fighting
 * Level 5.1 Axes
 + Level 3.4 Armour
 + Level 3.1 Dodging


You had 3 spell levels left.
You didn't know any spells.

Dungeon Overview and Level Annotations

Branches:
Dungeon (3/15)

Altars:
Vehumet
Xom


Innate Abilities, Weirdness & Mutations

You reflexively headbutt those who attack you in melee.
You have a pair of horns on your head.


Message History

You are confused.
You bump into the rock wall.
Something hits you but does no damage.
You miss something. Your headbutt misses something.
Something hits you but does no damage.
You hear some strange, mumbled words.
A magic dart appears from out of thin air!
The magic dart hits you!
* * * LOW HITPOINT WARNING * * *
You butcher the adder corpse.
Something hits you but does no damage.
You see here 2 chunks of flesh.
You bump into the rock wall.
Something hits you but does no damage.
You feel less confused.
You hear some strange, mumbled words.
You are confused.
You bump into the rock wall.
Something hits you but does no damage.
You hear some strange, mumbled words.
A magic dart appears from out of thin air!
The magic dart hits you!
* * * LOW HITPOINT WARNING * * *
You hear some strange, mumbled words.
You are more confused.
Things that are here:
a ring mail; an orc corpse Something hits you but does no damage.
You see here 2 chunks of flesh.
Things that are here:
a whip; an orc corpse You completely miss something.
Something hits you.
* * * LOW HITPOINT WARNING * * *
You completely miss something. Your headbutt misses something.
An orc wizard appears from thin air!
Reactivating autopickup.
The orc wizard hits you but does no damage.
You hit the orc wizard. The orc wizard barely misses you.
You barely miss the orc wizard. You headbutt the orc wizard!
The orc wizard hits you but does no damage.
You're too confused to move!
The orc wizard gestures at you while chanting.
The puff of flame hits you!
* * * LOW HITPOINT WARNING * * *
You bump into the rock wall.
You feel less confused.
The orc wizard gestures at you while chanting.
The magic dart hits you!
You die...

#.....###.#
###...####.#
#..........####
###
#.##.##.##.....
#.. #
#.##.##..... #..
. #.#...#.....
#.. .>.
#.#..........
#..
#..#.#...#......
#..
#....@o[##......
#.. ##.#[##)#
..... #.. ...
..# ##### ###
...#.##.# #.....
..# #.. #. ...
#. .. #.# ## ##
#.#


You could see an orc wizard.

Vanquished Creatures
  A centaur skeleton (D:3)
  3 adders
  An ooze (D:1)
  2 worms (D:2)
  A dart slug (D:2)
  A leopard gecko (D:2)
  5 orcs (D:3)
  A giant cockroach (D:2)
  7 goblins
  7 hobgoblins
  2 ball pythons (D:1)
  7 bats
  3 frilled lizards
  A giant cockroach zombie (D:2)
  2 kobolds (D:1)
  5 rats
49 creatures vanquished.

Notes
Turn   | Place    | Note
-------+----------+-------------------------------------------
     0 | D:1      | OldarM the Minotaur Berserker began the quest for the Orb.
     0 | D:1      | Reached XP level 1. HP: 19/19 MP: 0/0
    73 | D:1      | Reached XP level 2. HP: 23/27 MP: 1/1
    77 | D:1      | Reached skill level 4 in Axes
   578 | D:1      | Reached ** piety under Trog
   578 | D:1      | Reached XP level 3. HP: 33/33 MP: 2/2
  1133 | D:2      | Found a shimmering altar of Xom.
  1358 | D:2      | Found a radiant altar of Vehumet.
  1389 | D:2      | Reached XP level 4. HP: 40/40 MP: 3/3
  1621 | D:3      | Reached skill level 5 in Axes
  1670 | D:3      | Killed from afar by an orc wizard

Skill      XL: |  1  2  3  4 |
---------------+-------------+-----
Axes           | 4 5 |  5.1
Fighting       | 4 |  4.3
Armour         | 3 |  3.4
Dodging        | 3 |  3.1

Action                   |  1- 3 |  4- 6 || total
-------------------------+-------+-------++-------
Melee: Hand axe          |    80 |    24 ||   104
       Headbutt          |    12 |     6 ||    18
  Eat: Chunk             |     2 |       ||     2
Armor: Animal skin       |     4 |       ||     4
       Ring mail         |     2 |       ||     2
       Chain mail        |    23 |    17 ||    40
Dodge: Dodged            |    46 |     7 ||    53
